 Dungeon Crawl Stone Soup version 0.29.1-12-g30fa7ad0bf (webtiles) character file.

Game seed: 11413497170878290150

465 wormed the Trooper (level 7, 0/53 HPs)
             Began as a Djinni Fire Elementalist on Dec 22, 2022.
             Slain by a goblin
             ... wielding a +0 dagger
             ... led by Robin
              (3 damage)
             ... on level 3 of the Dungeon.
             The game lasted 00:08:16 (3619 turns).

wormed the Trooper (Djinni Fire Elementalist)       Turns: 3619, Time: 00:08:16

Health: 0/53       AC:  3    Str:  7    XL:     7   Next: 29%
Gold:   118        EV: 12    Int: 19    God:
                   SH:  0    Dex: 13

rFire   + + .      SeeInvis .   (no weapon)
rCold   x . .      Faith    .   (no shield)
rNeg    . . .      Spirit   .   a - +0 robe
rPois   ∞          Reflect  .   (no helmet)
rElec   .          Harm     .   j - +0 cloak
rCorr   .          Rampage  .   (no gloves)
Will    .....                   (boots unavailable)
Stlth   ++........              (no amulet)
HPRegen 0.17/turn               (no ring)
MPRegen 0.00/turn               (no ring)

@: flying
A: sickness immunity, fire resistance 2, cold vulnerability 1, float, innate
caster, HP casting, extra vitality 1
a: no special abilities


You were on level 3 of the Dungeon.
You visited 1 branch of the dungeon, and saw 3 of its levels.

You collected 118 gold pieces.

Inventory:

Armour
 a - a +0 robe (worn)
 f - a +0 buckler
 j - a +0 cloak (worn)
Scrolls
 b - a scroll of fog {unknown}
 c - 3 scrolls of vulnerability {unknown}
 d - 2 scrolls of immolation {unknown}
 e - 2 scrolls of amnesia {unknown}
 g - a scroll of teleportation {unknown}
 k - a scroll of identify {unknown}
Potions
 h - a potion of flight {unknown}
 i - a potion of lignification {unknown}


   Skills:
 + Level 4.8 Fighting
 - Level 2.1 Dodging
 - Level 1.5 Stealth
 + Level 4.5 Spellcasting


You couldn't memorise any spells.
You knew the following spells:

 Your Spells              Type           Power      Damage    Failure   Level
a - Foxfire               Conj/Fire      84%        2x1d8     1%          1
b - Scorch                Fire           42%        2d7       3%          2
c - Conjure Flame         Conj/Fire      21%        6-21      6%          3
d - Inner Flame           Hex/Fire       21%        N/A       6%          3
e - Flame Wave            Conj/Fire      21%        2d8       21%         4
f - Slow                  Hex            84%        N/A       1%          1
g - Ensorcelled Hibernat  Hex/Ice        42%        N/A       3%          2
h - Call Canine Familiar  Summ           21%        N/A       6%          3
Your spell library was empty.

Dungeon Overview and Level Annotations

Branches:
Dungeon (3/15)

Altars:

Annotations:
D:3 Robin


Innate Abilities, Weirdness & Mutations

You are immune to sickness and miasma.
You are immune to poison.
Your flesh is very heat resistant. (rF++)
You are vulnerable to cold. (rC-)
You float through the air rather than walking.
You learn spells naturally, not from books.
Your magical power is your life essence.
You have superior vitality. (+4 MHP)


Message History

Press: ? - help, v - describe, . - travel
Here: a goblin, wielding a +0 dagger The floor.
You need no library to learn spells.
Casting: Scorch (safe; 3% risk of failure)
Confirm with . or Enter, or press ? or * to list all spells.
Aiming: Inner Flame (dangerous; 6% risk of failure)
Press: ? - help, Dir - move target, f - goblin
Aim: a goblin, wielding a +0 club (chance to affect: 88%)
The goblin is filled with an inner flame.
The goblin hits you with a +0 club. The goblin hits you but does no damage.
Casting: Scorch (safe; 3% risk of failure)
Press: ? - help, Q - select action, (/) - cycle Dir - look around, f - activate Flames lash the goblin.
You kill the goblin!
A rat comes into view.
The goblin closely misses you.
Casting: Scorch (safe; 3% risk of failure)
Press: ? - help, Q - select action, (/) - cycle Dir - look around, f - activate Flames lash the hobgoblin.
You kill the hobgoblin!
The goblin hits you with a +0 dagger. The goblin barely misses you.
Robin roars a battlecry!
The goblins go into a battle-frenzy!
The goblin hits you with a +0 club.
Casting: Scorch (safe; 3% risk of failure)
Press: ? - help, Q - select action, (/) - cycle Dir - look around, f - activate Flames lash the goblin.
You kill the goblin!
The goblin hits you with a +0 dagger. The goblin hits you with a +0 club.
* * * LOW HITPOINT WARNING * * *
Casting: Scorch (safe; 3% risk of failure)
Press: ? - help, Q - select action, (/) - cycle Dir - look around, f - activate Flames lash the goblin.
* * * LOW HITPOINT WARNING * * *
The goblin explodes!
The fiery explosion engulfs you. You resist.
* * * LOW HITPOINT WARNING * * *
The goblin hits you with a +0 dagger.
You die...

............. ...
####........ ..#
#...###.. #.# #...# ###
#r# #..)# #g#
####...#### #†#
#.......(.## #######§#
#..##.#..#.#
.....§§@#####..##.#.###.
.#######g.........>## #.
#......#.#...#...###.
#.###..#.#....>...#..
#.##.....#.........##
#.##...####........##
#......####.#>†.#####
####........##.......
#.#########†######


You could see Robin, a goblin (strong) and a rat.

Vanquished Creatures
  Sigmund (D:3)
  A necrophage (D:3)
  A scorpion (D:3)
  Crazy Yiuf (D:2)
  Natasha (thrice) (D:2)
  An adder (D:1)
  A worm (D:2)
  A dart slug (D:1)
  2 orcs
  5 bats
  10 endoplasms
  4 hobgoblins
  8 kobolds
  A quokka (D:1)
  7 ball pythons
  3 frilled lizards
  11 goblins
  2 rats
63 creatures vanquished.

Vanquished Creatures (others)
  27 foxfires (D:1)
  8 plants (D:2)
35 creatures vanquished.

Grand Total: 98 creatures vanquished

Notes
Turn   | Place    | Note
-------+----------+-------------------------------------------
     0 | D:1      | wormed the Djinni Fire Elementalist began the quest for the
                  | Orb.
     0 | D:1      | wormed set off with the following spells memorised:
                  | Foxfire, Scorch, Conjure Flame, Inner Flame, Flame Wave.
     0 | D:1      | Reached XP level 1. HP: 15/15 MP: 0/0
   535 | D:1      | Reached skill level 1 in Fighting
   535 | D:1      | Reached XP level 2. HP: 18/22 MP: 0/0
  1283 | D:1      | Reached XP level 3. HP: 22/27 MP: 0/0
  1283 | D:1      | Learned a level 1 spell: Slow
  1513 | D:2      | Noticed Natasha
  1950 | D:2      | Reached XP level 4. HP: 30/33 MP: 0/0
  2121 | D:2      | Killed Natasha
  2503 | D:2      | Found a runed translucent door.
  2504 | D:2      | Noticed Crazy Yiuf
  2560 | D:2      | Noticed Natasha
  2569 | D:2      | Killed Natasha
  2570 | D:2      | Reached XP level 5. HP: 28/40 MP: 0/0
  2570 | D:2      | Learned a level 2 spell: Ensorcelled Hibernation
  2763 | D:2      | Killed Crazy Yiuf
  2829 | D:2      | Noticed Natasha
  2833 | D:2      | Killed Natasha
  3054 | D:3      | Noticed Sigmund
  3209 | D:3      | Killed Sigmund
  3210 | D:3      | Reached XP level 6. HP: 36/47 MP: 0/0
  3408 | D:3      | Reached XP level 7. HP: 37/53 MP: 0/0
  3408 | D:3      | Learned a level 3 spell: Call Canine Familiar
  3608 | D:3      | Noticed Robin
  3619 | D:3      | Slain by a goblin

Illustrated notes

Levels and vault maps discovered:
D:1:      psy_arrival_whirlpool, layout_basic
D:2:      layout_basic, serial_bayou_pond_c, uniq_natasha,
          uniq_crazy_yiuf_cottage
D:3:      cheibrodos_pilgrimage, layout_loops_cross,
          hellmonk_ecumenical_altar_watching_god, minmay_door_square,
          nicolae_figureground_sparkle, uniq_jessica, uniq_sigmund, uniq_robin

Skill      XL: |  1  2  3  4  5 |
---------------+----------------+-----
Fighting       | 1 2 4 |  4.8
Spellcasting   | 3 4 |  4.5
Dodging        | |  2.1
Stealth        | |  1.5

Action                   |  1- 3 |  4- 6 |  7- 9 || total
-------------------------+-------+-------+-------++-------
Melee: Unarmed           |     2 |     1 |     1 ||     4
 Cast: Foxfire           |    16 |       |       ||    16
       Scorch            |    24 |    38 |    16 ||    78
       Inner Flame       |       |       |     1 ||     1
Armor: Robe              |     7 |     1 |     5 ||    13
Dodge: Dodged            |    14 |    12 |     6 ||    32
